 Dungeon Crawl Stone Soup version 0.27.1-2-g3b301248ec (webtiles) character file.

Game seed: 16715328614079158504

422 pkoi the Carver (level 6, 0/75 HPs)
             Began as a Minotaur Gladiator on Sept 30, 2021.
             Slain by an orc (1 damage)
             ... on level 4 of the Dungeon.
             The game lasted 00:04:48 (3811 turns).

pkoi the Carver (Minotaur Gladiator)                Turns: 3811, Time: 00:04:49

Health: 0/75       AC:  8    Str: 21    XL:     6   Next: 63%
Magic:  5/5        EV:  8    Int:  5    God:
Gold:   160        SH:  0    Dex: 11    Spells: 5/5 levels left

rFire    . . .     SeeInvis .   b - +1 great sword (holy)
rCold    . . .     Faith    .   (shield currently unavailable)
rNeg     . . .     Spirit   .   m - +0 chain mail
rPois    .         Reflect  .   c - +0 hat
rElec    .         Harm     .   (no cloak)
rCorr    +         Rampage  .   (no gloves)
Will     .....                  (no boots)
Stlth    ..........             (no amulet)
HPRegen  0.22/turn              g - ring of resist corrosion
MPRegen  0.09/turn              (no ring)

@: confused, brilliant, berserking (expiring), very quick
A: horns 2, retaliatory headbutt
a: no special abilities


You were on level 4 of the Dungeon.
You visited 1 branch of the dungeon, and saw 4 of its levels.
You also visited: Ossuary.

You collected 160 gold pieces.

Inventory:

Hand Weapons
 a - a +0 long sword
 b - a +1 great sword of holy wrath (weapon)
Missiles
 d - 3 throwing nets (quivered)
 k - 6 javelins
 l - 29 poisoned darts
Armour
 c - a +0 hat (worn)
 m - a +0 chain mail (worn)
Jewellery
 g - a ring of resist corrosion (left hand)
Scrolls
 f - 4 scrolls of magic mapping {unknown}
 n - a scroll of teleportation {unknown}
 p - a scroll of noise {unknown}
 r - a scroll of amnesia
 s - a scroll of blinking
 t - 2 scrolls of fog {unknown}
 u - a scroll of silence {unknown}
Potions
 e - 3 potions of might {unknown}
 h - a potion of ambrosia {unknown}
 i - 6 potions of curing
 j - a potion of resistance
 o - a potion of cancellation


   Skills:
 - Level 2.4 Fighting
 * Level 9.1 Long Blades
 - Level 2.0 Throwing
 - Level 3.2 Dodging


You had 5 spell levels left.
You didn't know any spells.
Your spell library contained the following spells:

 Spells                   Type           Power      Damage    Failure   Level
 Sublimation of Blood     Necr           0%         N/A       100%        2
 Ozocubu's Armour         Ice            0%         N/A       100%        3
 Stone Arrow              Conj/Erth      0%         3d7       100%        3
 Animate Armour           Summ/Erth      0%         N/A       100%        4
 Petrify                  Tmut/Erth      0%         N/A       100%        4
 Irradiate                Conj/Tmut      0%         3d14      100%        5
 Metabolic Englaciation   Hex/Ice        0%         N/A       100%        5
 Simulacrum               Ice/Necr       0%         N/A       100%        6
 Lehudib's Crystal Spear  Conj/Erth      0%         10d2      100%        8


Dungeon Overview and Level Annotations

Branches:
Dungeon (4/15)            Ossuary (visited)
 Temple: D:4-7

Altars:
Qazlal


Innate Abilities, Weirdness & Mutations

You have a pair of horns on your head.
You reflexively headbutt those who attack you in melee.


Message History

* * * LOW HITPOINT WARNING * * *
You hear some strange, mumbled words.
You are confused.
The orc hits you but does no damage.
It was a potion of brilliance.
You feel clever all of a sudden.
The orc priest hits you but does no damage.
Something hits you.
* * * LOW HITPOINT WARNING * * *
The orc barely misses you.
It was a potion of berserk rage.
A red film seems to cover your vision as you go berserk!
You feel yourself moving faster!
You feel mighty! The orc priest closely misses you.
Something hits you but does no damage. The orc barely misses you.
You miss the orc priest.
The orc priest hits you but does no damage.
Something hits you but does no damage.
You miss the orc.
The orc is heavily wounded.
The orc barely misses you.
The orc priest mumbles some strange prayers to Beogh against you.
Pain shoots through your body!
* * * LOW HITPOINT WARNING * * *
Unknown command.
Unknown command.
You barely miss the orc priest. You headbutt the orc priest!
The orc priest is severely wounded.
Something hits you.
* * * LOW HITPOINT WARNING * * *
The orc hits you with a +0 club.
* * * LOW HITPOINT WARNING * * *
Unknown command.
You barely miss the orc priest.
The orc priest is severely wounded.
The orc priest hits you but does no damage.
Something hits you.
* * * LOW HITPOINT WARNING * * *
The orc hits you with a +0 club.
You die...

##### ##... ##..#
##..'## . #..##{## ...
#o##o@o##...
#..##)##....
########..###.....
#.....###..#......
######.###.####o$......
.................#.....
...........##<......###
...............#.####
(....#+###....o#.#


You could see an orc priest and an orc.

Vanquished Creatures
  A scorpion (D:4)
  3 water moccasin zombies (Ossuary)
  Jessica (D:3)
  2 mummies (Ossuary)
  3 adders (D:3)
  5 adder zombies (Ossuary)
  2 worms
  2 dart slugs (D:1)
  An orc (D:4)
  10 ball pythons
  13 endoplasms
  5 giant cockroaches
  7 gnoll zombies (Ossuary)
  7 hobgoblins
  5 quokkas
  8 bats
  2 frilled lizards
  3 goblins
  5 hobgoblin zombies (Ossuary)
  4 kobolds
  2 kobold zombies (Ossuary)
  5 orc zombies (Ossuary)
  3 rats
99 creatures vanquished.

Vanquished Creatures (others)
  A fungus (D:3)
  A plant (D:4)
2 creatures vanquished.

Grand Total: 101 creatures vanquished

Notes
Turn   | Place    | Note
-------+----------+-------------------------------------------
     0 | D:1      | pkoi the Minotaur Gladiator began the quest for the Orb.
     0 | D:1      | Reached XP level 1. HP: 18/18 MP: 0/0
   103 | D:1      | Reached skill level 4 in Long Blades
   131 | D:1      | Found a faded altar of an unknown god.
   444 | D:1      | Reached XP level 2. HP: 21/25 MP: 1/1
   735 | D:1      | Reached skill level 5 in Long Blades
   753 | D:1      | Reached XP level 3. HP: 26/30 MP: 2/2
  2511 | D:3      | Identified a scroll of acquirement
  2511 | D:3      | Acquired a +1 great sword of holy wrath
  2606 | D:3      | Reached XP level 4. HP: 37/37 MP: 3/3
  2616 | D:3      | Reached skill level 6 in Long Blades
  2832 | D:3      | Found a stormy altar of Qazlal.
  2884 | D:3      | Noticed Jessica
  2886 | D:3      | Killed Jessica
  3339 | D:4      | Noticed a scorpion
  3341 | D:4      | Killed a scorpion
  3342 | D:4      | Reached skill level 7 in Long Blades
  3342 | D:4      | Reached XP level 5. HP: 42/42 MP: 4/4
  3411 | D:4      | Found a sand-covered staircase.
  3415 | Ossuary  | Entered an ossuary
  3503 | Ossuary  | Reached skill level 8 in Long Blades
  3506 | Ossuary  | Reached XP level 6. HP: 40/50 MP: 5/5
  3743 | Ossuary  | Reached skill level 9 in Long Blades
  3810 | D:4      | HP: 3/75 [orc (3)]
  3811 | D:4      | HP: 1/75 [something (2)]
  3811 | D:4      | Slain by an orc

Illustrated notes

Levels and vault maps discovered:
D:1:      dpeg_arrival_brainrot, layout_loops_ring,
          hellmonk_ecumenical_altar_slurped_away, kennysheep_doodads,
          minmay_cupped
D:2:      layout_basic, grunt_decor_clamped, hangedman_feature_mirror
D:3:      layout_loops_ring, mainiacjoe_overflow_six_doors_small,
          minmay_shallow_snake_nest, uniq_jessica
D:4:      corexii_shack_village, layout_basic, kennysheep_little_box,
          enter_ossuary_5

Skill      XL: |  1  2  3  4  5  6 |
---------------+-------------------+-----
Long Blades    | 4 5 7 8 9 |  9.1
Fighting       | |  2.4
Throwing       | |  2.0
Dodging        | |  3.2

Action                   |  1- 3 |  4- 6 || total
-------------------------+-------+-------++-------
Melee: Long sword        |    89 |       ||    89
       Headbutt          |    15 |    16 ||    31
       Great sword       |     6 |   120 ||   126
  Use: Scroll            |     8 |       ||     8
       Potion            |       |     3 ||     3
Armor: Leather armour    |    17 |       ||    17
       Chain mail        |    44 |    76 ||   120
Dodge: Dodged            |    56 |    47 ||   103
       Rpst.: Long sword |    12 |       ||    12
       Great sword       |     1 |     9 ||    10
